 Dungeon Crawl Stone Soup version 0.31-a0-222-gefeffbb62a (webtiles) character file.

Game seed: 12688739230702857849

244 qw the Shooter (level 5, -9/45 HPs)
             Began as a Minotaur Hexslinger on July 4, 2023.
             Mangled by Sigmund
             ... wielding a +0 scythe
              (14 damage)
             ... on level 3 of the Dungeon.
             The game lasted 00:00:58 (2432 turns).

qw the Shooter (Minotaur Hexslinger)                Turns: 2432, Time: 00:00:59

Health: -9/45      AC:  5    Str: 12    XL:     5   Next: 83%
Magic:  5/5        EV: 11    Int: 10    God:
Gold:   70         SH:  0    Dex: 15    Spells: 5/6 levels left

rFire   . . .        Y - +1 sling
rCold   . . .        (no shield)
rNeg    . . .        b - +0 ring mail
rPois   .            (helmet restricted)
rElec   .            (no cloak)
rCorr   .            (no gloves)
SInv    .            (no boots)
Will    .....        (no amulet)
Stlth   +            (no ring)
HPRegen 0.27/turn    (no ring)
MPRegen 0.09/turn

%: no passive effects
@: no status effects
A: horns 2, retaliatory headbutt
a: no special abilities


You were on level 3 of the Dungeon.
You visited 1 branch of the dungeon, and saw 3 of its levels.

You collected 70 gold pieces.


Innate Abilities, Weirdness & Mutations

You have a pair of horns on your head.
You reflexively headbutt those who attack you in melee.


   Skills:
 - Level 3.0 Fighting
 + Level 5.9 Ranged Weapons
 - Level 1.8 Armour
 - Level 2.1 Dodging
 - Level 1.0 Spellcasting
 - Level 2.0 Hexes


You had 5 spell levels left.
You knew the following spells:

 Your Spells              Type           Power      Damage    Failure   Level
a - Slow                  Hex            16%        N/A       32%         1

Your spell library contained the following spells:

 Spells                   Type           Power      Damage    Failure   Level
 Inner Flame              Hex/Fire       2%         N/A       83%         3
 Portal Projectile        Hex/Tloc       4%         N/A       83%         3
 Cause Fear               Hex            2%         N/A       97%         4

Inventory:

Hand Weapons
 Y - a +1 sling (weapon)
Armour
 b - a +0 ring mail (worn)
Scrolls
 a - a scroll of identify
Potions
 d - a potion of enlightenment
 f - a potion of curing {unknown}
 g - a potion of ambrosia {unknown}
 i - a potion of lignification {unknown}

Dungeon Overview and Level Annotations

Branches:
Dungeon (3/15)

Altars:
Vehumet
Yredelemnul

Annotations:
D:3 Sigmund


Message History

Enter note:
Enter note:
Enter note:
Enter note:
Enter note:
Enter note:
Enter note:
Enter note:
Enter note:
Enter note:
Enter note:
Enter note:
Enter note:
Enter note:
Enter note:
Enter note:
Enter note:
Enter note:
Enter note: You shoot a sling bullet.
The sling bullet hits Sigmund.
Sigmund is almost dead.
Sigmund closely misses you.
You shoot a sling bullet.
The sling bullet closely misses Sigmund.
Sigmund points at you and mumbles some strange words.
You are confused.
Sigmund completely misses you. Sigmund barely misses you.
Sigmund hits you but does no damage.
Sigmund points at you and mumbles some strange words.
The puff of flame hits you.
Sigmund mumbles some strange words.
Sigmund flickers and vanishes!
Deactivating autopickup; reactivate with Ctrl-A.
You shoot a sling bullet.
You feel less confused. Something hits you!
You shoot a sling bullet. Something hits you!
You die...

#... #.#......###
#...#####.#......#
#¤...##..........#
##.¤.......~.~...#
#....7...7.....7...
##.7....~....7....¤..
#.....7...7.....7...7
##.~.~.......~.~......
#....@..~.¤.......~.~
#.7...7{...¤7...7...
#...~..$.7....~..
#.7...7.....7...
#...¤¤¤.~.~.....
##.~¤~¤......~.~
#..¤¤¤7...7...
##.7....~....


There were no monsters in sight!

Vanquished Creatures
  An orc priest (D:3)
  Jessica (D:2)
  Terence (D:3)
  Natasha (thrice) (D:2)
  An orc wizard (D:3)
  2 orcs (D:3)
  10 bats
  5 endoplasms
  3 giant cockroaches
  4 goblins
  5 hobgoblins
  6 jackals (D:1)
  5 ball pythons
  7 frilled lizards
  3 kobolds
  7 rats
64 creatures vanquished.

Notes
Turn   | Place    | Note
-------+----------+-------------------------------------------
     0 | D:1      | qw the Minotaur Hexslinger began the quest for the Orb.
     0 | D:1      | Reached XP level 1. HP: 16/16 MP: 1/1
     0 | D:1      | 0 ||| qw: Version: 0.3-a-46-gb1f654a
     0 | D:1      | 0 ||| qw: Game counter: 920
     0 | D:1      | 0 ||| qw: Melee chars always use a shield: true
     0 | D:1      | 0 ||| qw: God list: Okawaru
     0 | D:1      | 0 ||| qw: Allow faded altars: false
     0 | D:1      | 0 ||| qw: Do Orc after clearing Dungeon:15 true
     0 | D:1      | 0 ||| qw: Do second Lair branch before Depths: true
     0 | D:1      | 0 ||| qw: Lair rune preference: random
     0 | D:1      | 0 ||| qw: Goals: Normal
     0 | D:1      | 0 ||| PLANNING D:1-11
    95 | D:1      | Reached skill level 3 in Ranged Weapons
    95 | D:1      | Reached XP level 2. HP: 17/23 MP: 2/2
    99 | D:1      | 99 ||| FLEEEEING.
   100 | D:1      | 100 ||| FLEEEEING.
   348 | D:1      | 348 ||| Stepping ~*~*~tactically~*~*~ (outnumbered).
   384 | D:1      | 384 ||| FLEEEEING.
   385 | D:1      | 385 ||| FLEEEEING.
   386 | D:1      | 386 ||| FLEEEEING.
   387 | D:1      | 387 ||| FLEEEEING.
   388 | D:1      | 388 ||| FLEEEEING.
   389 | D:1      | 389 ||| FLEEEEING.
   390 | D:1      | 390 ||| FLEEEEING.
   391 | D:1      | 391 ||| FLEEEEING.
   392 | D:1      | 392 ||| FLEEEEING.
   393 | D:1      | 393 ||| FLEEEEING.
   394 | D:1      | 394 ||| FLEEEEING.
   395 | D:1      | 395 ||| FLEEEEING.
   396 | D:1      | 396 ||| FLEEEEING.
   398 | D:1      | 398 ||| FLEEEEING.
   399 | D:1      | 399 ||| FLEEEEING.
   400 | D:1      | 400 ||| FLEEEEING.
   401 | D:1      | 401 ||| FLEEEEING.
   402 | D:1      | 402 ||| FLEEEEING.
   403 | D:1      | 403 ||| FLEEEEING.
   404 | D:1      | 404 ||| FLEEEEING.
   405 | D:1      | 405 ||| FLEEEEING.
   406 | D:1      | 406 ||| FLEEEEING.
   504 | D:1      | Reached XP level 3. HP: 29/29 MP: 3/3
   993 | D:1      | 993 ||| READING 3 scrolls labelled BULAKH KEOTREUV.
   994 | D:1      | 994 ||| READING scroll labelled DOOPPI IDOIMPO.
   995 | D:1      | 995 ||| READING 2 scrolls of identify.
   995 | D:1      | 995 ||| IDENTIFYING orange potion
   996 | D:1      | 996 ||| DROPPING scroll of poison.
   997 | D:1      | 997 ||| DROPPING potion of attraction.
  1049 | D:2      | Noticed Jessica
  1054 | D:2      | Killed Jessica
  1055 | D:2      | Reached skill level 4 in Ranged Weapons
  1136 | D:2      | Found a basalt altar of Yredelemnul.
  1165 | D:2      | Noticed Natasha
  1173 | D:2      | Killed Natasha
  1174 | D:2      | Reached XP level 4. HP: 33/36 MP: 4/4
  1371 | D:2      | Reached skill level 5 in Ranged Weapons
  1772 | D:2      | Noticed Natasha
  1774 | D:2      | 1774 ||| FLEEEEING.
  1783 | D:2      | Killed Natasha
  1784 | D:2      | Reached skill level 3 in Fighting
  1871 | D:2      | Noticed Natasha
  1874 | D:2      | 1874 ||| FLEEEEING.
  1875 | D:2      | 1875 ||| FLEEEEING.
  1880 | D:2      | Killed Natasha
  1881 | D:2      | Reached XP level 5. HP: 41/45 MP: 5/5
  1918 | D:2      | 1918 ||| UPGRADING to +0 ring mail.
  1928 | D:2      | 1928 ||| DROPPING +0 robe.
  1929 | D:2      | 1929 ||| READING 3 scrolls labelled MIAXKORGHUU.
  1930 | D:2      | 1930 ||| READING 3 scrolls of identify.
  1930 | D:2      | 1930 ||| IDENTIFYING amethyst potion
  1931 | D:2      | 1931 ||| READING 2 scrolls of identify.
  1931 | D:2      | 1931 ||| IDENTIFYING glowing amethyst potion
  1932 | D:2      | 1932 ||| DROPPING 2 scrolls of noise.
  2030 | D:3      | 2030 ||| Stepping ~*~*~tactically~*~*~ (outnumbered).
  2040 | D:3      | Reached skill level 1 in Armour
  2043 | D:3      | HP: 9/45 [orc/+0 hand axe (4)]
  2044 | D:3      | 2044 ||| DRINKING potion of heal wounds.
  2156 | D:3      | Found a radiant altar of Vehumet.
  2367 | D:3      | Noticed Terence
  2376 | D:3      | Killed Terence
  2410 | D:3      | Noticed Sigmund
  2420 | D:3      | 2420 ||| READING scroll labelled XUEGIN POEMNA.
  2431 | D:3      | HP: 5/45 [something (13)]
  2432 | D:3      | Mangled by Sigmund

Levels and vault maps discovered:
D:1:      sevenhm_arrival_forest_fort_large_1, layout_basic
D:2:      layout_basic, basic_altar, uniq_jessica, uniq_natasha
D:3:      layout_basic, vehumet_altar_wand_db, chequers_garden,
          nicolae_kite_square_tiling_tiny, uniq_sigmund, uniq_terence

Skill      XL: |  1  2  3  4  5 |
---------------+----------------+-----
Ranged Weapons | 3 4 5 |  5.9
Fighting       | 2 3 |  3.0
Armour         | 1 |  1.8
Dodging        | |  2.1
Spellcasting   | |  1.0
Hexes          | |  2.0

Action                     |  1- 3 |  4- 6 || total
---------------------------+-------+-------++-------
   Fire: Sling             |    99 |   111 ||   210
    Use: Scroll            |     3 |     4 ||     7
         Potion            |       |     1 ||     1
 Armour: Robe              |    13 |     1 ||    14
         Ring mail         |       |    22 ||    22
  Dodge: Dodged            |    49 |    39 ||    88

Table legend:
 A = Non-vault XP
 B = Vault XP
 C = Vault XP percentage of total XP
 D = Non-vault monster count
 E = Vault monster count
 F = Vault count percentage of total count
                 A         B        C        D         E       F
            +---------+---------+-------+---------+---------+-------
      Total |     236 |     113 |  32.4 |      58 |       6 |   9.4
            +---------+---------+-------+---------+---------+-------
        D:1 |      51 |       3 |   5.6 |      31 |       2 |   6.1
        D:2 |      89 |      72 |  44.7 |      15 |       2 |  11.8
        D:3 |      96 |      38 |  28.4 |      12 |       2 |  14.3
            +---------+---------+-------+---------+---------+-------
